 Dungeon Crawl Stone Soup version 0.32-a0-779-g362cfcae2a (webtiles) character file.

Game seed: 15820140456933501589

21 BigDaddyOpFi the Trooper (level 2, -4/24 HPs)
             Began as a Coglin Fighter on Mar 19, 2024.
             Slain by Terence
             ... wielding a +2 heavy mace
              (12 damage)
             ... on level 2 of the Dungeon.
             The game lasted 00:00:54 (668 turns).

BigDaddyOpFi the Trooper (Coglin Fighter)            Turns: 668, Time: 00:00:55

Health: -4/24      AC:  6    Str: 16    XL:     2   Next: 87%
Magic:  2/2        EV:  7    Int:  7    God:
Gold:   92         SH:  4    Dex: 13    Spells: 1/1 levels left

rFire   . . .        a - +1 war axe {Artakama}
rCold   . . .        c - +0 buckler
rNeg    . . .        b - +0 scale mail
rPois   .            (no helmet)
rElec   .            (no cloak)
rCorr   .            (no gloves)
SInv    .            (no boots)
Will    .....        (amulet unavailable) Stlth
                     (ring unavailable)
HPRegen 0.24/turn    (ring unavailable)
MPRegen 0.08/turn    (no gizmo)

%: no passive effects
@: mighty, revving
A: off-hand wielding, slow wielding, warmup strikes, no jewellery
a: Invent Gizmo


You were on level 2 of the Dungeon.
You visited 1 branch of the dungeon, and saw 2 of its levels.

You collected 92 gold pieces.

Inventory:

Hand Weapons
 a - a +1 war axe (weapon) {Artakama}
Armour
 b - a +0 scale mail (worn)
 c - a +0 buckler (worn)
Wands
 j - a wand of digging (3)
Scrolls
 g - a scroll of immolation
 h - a scroll of amnesia
 i - a scroll of noise
Potions
 e - 2 potions of curing {unknown}


   Skills:
 + Level 3.2 Fighting
 + Level 2.3 Axes
 + Level 2.9 Armour
 + Level 2.4 Shields


You had one spell level left.
You didn't know any spells.
Your spell library was empty.

Dungeon Overview and Level Annotations

Branches:
Dungeon (2/15)

Altars:

Annotations:
D:2 Terence


Innate Abilities, Weirdness & Mutations

You can wield a second weapon in your off-hand.
It takes a long time for you to wield or remove held weapons.
Your first few attacks do less damage.
You cannot equip rings or amulets.


Message History

You kill the dart slug!
No target in view!
j - a wand of digging (3) No target in view!
k - a scroll labelled NAC PYET ETYKY
As you read the scroll of identify, it crumbles to dust.
h - a scroll of amnesia
As you read the scroll of identify, it crumbles to dust.
i - a scroll of noise
As you read the scroll of identify, it crumbles to dust.
k - a scroll of enchant weapon Terence the Incautious comes into view.
He is wielding a +2 heavy mace.
Found a scroll labelled ASOTEELESO.
Terence shouts!
A frilled lizard comes into view.
There are monsters nearby!
There are monsters nearby!
As you read the scroll of enchant weapon, it crumbles to dust.
Your +0 war axe {Artakama} glows red for a moment.
You barely miss Terence. Terence hits you with a +2 heavy mace!
Ouch! That really hurt!
* * * LOW HITPOINT WARNING * * *
You are too injured to fight recklessly!
You are too injured to fight recklessly!
You are too injured to fight recklessly!
You are too injured to fight recklessly!
You are too injured to fight recklessly!
You are too injured to fight recklessly!
You are too injured to fight recklessly!
You are too injured to fight recklessly!
Unknown command.
You feel very mighty all of a sudden. Terence misses you.
You barely miss Terence. Terence barely misses you.
You hit Terence.
Terence is lightly wounded.
Terence hits you with a +2 heavy mace!
Ouch! That really hurt!
You die...
Terence says, "Time to find some more victims."

#.#.###.## #......?..
....... ......... #
#.#.##... # # #. .#
#......... #### .#.##.
#l....... ...# .....
#@#.###.# ##.# #...#
#@#..##.### ##.#
#...######......... ##.#
#..............#.# #
...####...####.....†...#.#
.........................#.
....(......................
#.#.................).#..#.
#.#####...####...........#
..# #.............###.##


You could see Terence and a frilled lizard.

Vanquished Creatures
  2 dart slugs
  2 ball pythons
  An endoplasm (D:2)
  A giant cockroach (D:1)
  A goblin (D:2)
  2 hobgoblins (D:1)
  A quokka (D:2)
  4 bats
  A frilled lizard (D:1)
  A kobold (D:1)
  A rat (D:1)
17 creatures vanquished.

Notes
Turn   | Place    | Note
-------+----------+-------------------------------------------
     0 | D:1      | BigDaddyOpFi the Coglin Fighter began the quest for the
                  | Orb.
     0 | D:1      | Reached XP level 1. HP: 18/18 MP: 1/1
   217 | D:1      | Reached XP level 2. HP: 24/24 MP: 2/2
   454 | D:1      | Found a faded altar of an unknown god.
   659 | D:2      | Noticed Terence
   668 | D:2      | Slain by Terence

Illustrated notes

Levels and vault maps discovered:
D:1:      ebering_hopf_link, layout_basic, shapermc_ecumenical_altar_hornbeckon,
          minmay_bisected
D:2:      layout_loops_cross, pf_guarded_unrand_woodcutter, uniq_terence,
          uniq_robin

Action                     || total
---------------------------++-------
  Melee: War axe           ||    37
    Use: Scroll            ||     5
         Potion            ||     1
 Armour: Scale mail        ||    27
  Dodge: Dodged            ||    15
  Block: Buckler           ||     9

Table legend: (Time is in decaauts)
 A = Elapsed time spent in this place.
 B = Non-inter-level travel time spent in this place.
 C = Inter-level travel time spent in this place.
 D = Time resting spent in this place.
 E = Time spent auto-exploring this place.
 F = Levels seen in this place.
 G = Mean time per level.
                   A        B        C        D        E       F      G
               +--------+--------+--------+--------+--------+-----+--------+
         Total |    693 |    678 |     15 |      0 |    502 |   2 |  346.5 |
       Dungeon |    693 |    678 |     15 |      0 |    502 |   2 |  346.5 |
               +--------+--------+--------+--------+--------+-----+--------+

Top non-repeatable levels by time:
     D:1: 527 daAuts
     D:2: 165 daAuts
